Zazza, neutral female human Ranger ------------- ----------- |...........| # |.........| -------- |.>.........| ---------|- #..........| #-.(!%+%| |...........-# |.........-##########|.........| #|./%[)%| ----.--------# |.........| -|------.-- #|.?=][(| ## # --|-------- ## # #-------- # # ## # # ## ### # # ### # # # # # # ### # # # # (#####` # # ---.---- ############## -------|--.----# |.......#########----------.-- |.............|# |......| ##|<......@d... |.............|# |......| ##|.........{.| |..............# |......| |.....`.....| |.............| |......| ------------- -.------------- ----|--- # # Zazza the Lookout Experience level: 3 Strength: 15 Dexterity: 12 Constitution: 14 Intelligence: 13 Wisdom: 13 Charisma: 12 Health: 0(27) Energy: 17(17) Def: 3 Gold: 0 Moves: 1968 Dungeon seed: vG1NCxqcIh8zf0O6 Game ID: Zazza_1525691396 Your Inventory: Weapons a - a +1 dagger (weapon in hand) b - a +1 bow (alternate weapon; not wielded) c - 57 +2 arrows (in quiver) d - 36 +0 arrows j - 6 +0 shuriken s - 13 +0 darts Armor e - an uncursed +2 cloak of displacement (being worn) r - an uncursed +0 ring mail Comestibles f - 4 uncursed cram rations v - an uncursed food ration Scrolls n - an uncursed scroll of amnesia Spellbooks i - an uncursed spellbook of fireball Boulders/Statues q - an uncursed statue of a gecko Spells and supernatural/magical abilities: Name Level Category Fail Memory W - pray for help -- divine ? -- Your skills at the end: Fighting Skills Weapon Skills dagger [Basic] bow [Basic] Spellcasting Skills Final Attributes: You were devoutly aligned. You were poison resistant. You had automatic searching. You were displaced. Venus was angry with you. You are dead. Vanquished creatures: a homunculus 2 coyotes a giant rat a yellow mold a red mold 4 geckos 6 jackals a fox 2 kobolds a goblin 7 grid bugs 3 lichens 3 newts 33 creatures vanquished. Voluntary challenges: You used a wielded weapon 46 times, starting on turn 103. You were illiterate. You never genocided any monsters. You never polymorphed an object. You never changed form. You used no wishes. You never split a pudding. You never wrote Elbereth's name. You violated your moral code, losing 1 point of alignment, starting on turn 1744. Dungeon overview: The Dungeons of Doom: levels 1 to 3 Level 1 a long staircase Level 2 a general store Level 3 <- You were here a general store, a fountain History has recorded: On T:1 you entered the Dungeons of Doom to retrieve the Amulet of Yendor! On T:671 you advanced to experience level 2. On T:724 you reached level 2 of The Dungeons of Doom. On T:1136 you advanced to experience level 3. On T:1416 you reached level 3 of The Dungeons of Doom. Score breakdown: Gold: 0 ( 0 points) Experience: 3 levels ( 7878 points) Exploration: 3 levels ( 6.67%) ( 6396 points) Discoveries: 1 item ( 0.33%) ( 1734 points) Valuables value: (no points given unless you survive) Artifact value: 0 ( 0 points) Variety of kills: 13 monsters ( 3.41%) ( 5541 points) Turncount: 1968 turns ( 0 points) Survival: died (score multiplied by 80%) Total score: 17239 Latest messages: As you kick the door, it crashes open! You kick at empty space. You hear the splashing of a naiad. You try to move the boulder, but in vain. "So, Zazza, you dare return to Possogroenoe's general store?!" Possogroenoe zaps a wand of striking! The wand hits you! You hear someone cursing shoplifters. With great effort you move the boulder. The little dog bites! (2x) The little dog misses. You miss the little dog. The little dog bites! (2x) You hit the little dog! The little dog bites! You miss the little dog. The little dog bites! (2x) You die... Possogroenoe comes and takes all your possessions. The statue of a gecko is empty. The statue of a gecko is empty. Final status: Goodbye Zazza the Ranger, killed by a little dog... You died in The Dungeons of Doom on dungeon level 3 with 17239 points, and 0 pieces of gold, after 1968 moves. You were level 3 with a maximum of 27 hit points when you died.